 Dungeon Crawl Stone Soup version 0.29-a0-243-g602b31c20e (webtiles) character file.

Game seed: 3019919111753753221

63 spaghetti the Covered (level 3, 0/33 HPs)
             Began as a Deep Dwarf Fighter on Mar 4, 2022.
             Killed by nerve-wracking pain
             ... invoked by an orc priest
              (9 damage)
             ... on level 3 of the Dungeon.
             The game lasted 00:03:43 (1800 turns).

spaghetti the Covered (Deep Dwarf Fighter)          Turns: 1800, Time: 00:03:43

Health: 0/33       AC:  8    Str: 21    XL:     3   Next: 89%
Magic:  3/3        EV:  9    Int:  8    God:
Gold:   85         SH:  4    Dex: 12    Spells: 2/2 levels left

rFire   . . .      SeeInvis .   a - +0 long sword (vorpal) {long}
rCold   . . .      Faith    .   c - +0 buckler
rNeg    . . .      Spirit   .   l - +0 scale mail
rPois   .          Reflect  .   (no helmet)
rElec   .          Harm     .   f - +0 cloak
rCorr   .          Rampage  .   (no gloves)
Will    .....                   (no boots)
Stlth   ..........              (no amulet)
HPRegen 0.00/turn               (no ring)
MPRegen 0.08/turn               (no ring)

@: no status effects
A: damage resistance, heal wounds, sense surroundings 1, no regeneration
a: Heal Wounds


You were on level 3 of the Dungeon.
You visited 1 branch of the dungeon, and saw 3 of its levels.

You collected 85 gold pieces.


Innate Abilities, Weirdness & Mutations

You are resistant to damage.
You can heal yourself by infusing magical energy.
You passively map a small area around you.
You do not regenerate.


   Skills:
 - Level 2.6 Fighting
 - Level 2.0 Long Blades
 + Level 5.3 Armour
 - Level 3.2 Shields


You had 2 spell levels left.
You didn't know any spells.
Your spell library contained the following spells:

 Spells                   Type           Power      Damage    Failure   Level
 Summon Guardian Golem    Hex/Summ       0%         N/A       99%         3
 Iskenderun's Battlesphe  Conj           0%         2d6       100%        5
 Iron Shot                Conj/Erth      0%         9d1       100%        6
 Orb of Destruction       Conj           0%         9d5       100%        7
 Spellforged Servitor     Conj/Summ      0%         N/A       100%        7

Inventory:

Hand Weapons
 a - a +0 vorpal long sword (weapon) {long}
 b - a +0 hunting sling {sling}
   (You found it on level 2 of the Dungeon)
 e - a +1 dagger of holy wrath {short}
   (You found it on level 1 of the Dungeon)
Missiles
 g - 15 stones (quivered) {throwing}
 p - 2 curare-tipped darts {=fthrowing}
 r - 3 poisoned darts {throwing}
 s - 3 boomerangs {throwing}
Armour
 c - a +0 buckler (worn)
 f - a +0 cloak (worn)
   (You found it on level 1 of the Dungeon)
 l - a +0 scale mail (worn)
 m - the +1 robe "Zeblif" {SInv Archmagi}
   (You found it on level 2 of the Dungeon)

   SInv:      It lets you see invisible.
   Archmagi:  It increases the power of your magical spells.
Magical Staves
 h - a staff of conjuration {!a@e2staff}
   (You found it on level 2 of the Dungeon)
Jewellery
 n - a ring of protection from cold
   (You found it on level 2 of the Dungeon)
Wands
 q - a wand of polymorph (10)
   (You found it on level 3 of the Dungeon)
Scrolls
 o - a scroll of teleportation {@r4}
Potions
 d - a potion of might
 i - a potion of invisibility
 j - a potion of haste {@q3}
 k - a potion of attraction {unknown}

Dungeon Overview and Level Annotations

Branches:
Dungeon (3/15)

Altars:
Trog

Shops:
D:2

* #.## , ##.###### #..# ,,
* ** #.......# ##.# * + ..#
#..####.# #.# * # #.#
#..####.# #.# #. #<#
#....##.# #.# ##.#.###.#
#.##.##.# ##.## #.....o#.#
#.##.##.# ##...##
#.....#o#.# #.......#
#.###.# ##..o
#@#>######.#### #.#
#.######.#.#o.........#
#.###........#.....########
##...############### #####


You could see an orc priest and 2 orcs.


Message History

The hobgoblin shouts!
A hobgoblin is nearby!
You are too injured to fight recklessly!
You are too injured to fight recklessly!
You slash the hobgoblin!
You kill the hobgoblin!
Found a bloodstained altar of Trog.
Key pressed, stopping explore.
You open the door.
There is an open door here.
Things that are here:
a +0 dagger {short}; a +0 scale mail
There is an open door here.
There is an open door here.
Found a stone staircase leading down.
Items here: ))) [.
There is a stone staircase leading down here.
You now have 52 gold pieces (gained 10).
You now have 58 gold pieces (gained 6).
t - a scroll labelled XUVES IMECHAUL
As you read the scroll labelled XUVES IMECHAUL, it crumbles to dust.
It is a scroll of identify.
i - a potion of invisibility
t - a scroll of identify {@r1} A quokka comes into view.
You see here 12 gold pieces.
As you read the scroll of identify {@r1}, it crumbles to dust.
j - a potion of haste Unknown command.
A quokka is nearby!
A quokka is nearby!
A quokka is nearby!
You are too injured to fight recklessly!
You are too injured to fight recklessly!
You block the quokka's attack.
You hit the quokka but do no damage. The quokka closely misses you.
The quokka bites you but does no damage.
You slash the quokka!
You kill the quokka!
You see here a quokka corpse.
You see here a quokka corpse.
You now have 70 gold pieces (gained 12).
t - a scroll labelled SUEKEASKENK You now have 85 gold pieces (gained 15).
You see here a +0 club {mace}.
Key pressed, stopping explore.
Found a stone staircase leading down.
Blink to where?
Press: ? - help, Dir - move target
As you read the scroll labelled SUEKEASKENK, it crumbles to dust.
It was a scroll of blinking.
Found a stone staircase leading up.
An orc comes into view. It is wielding a +0 falchion.
The orc shouts!
The orc moves out of view.
An orc priest and 2 orcs come into view.
The orc priest shouts!
The orc shouts!
There are monsters nearby!
You barely miss the orc priest. The orc hits you with a +0 falchion.
The orc priest hits you but does no damage.
The orc closely misses you. 😮 HP[-2]
You take 2 damage, and now have 20/33 hp.
You hit the orc priest. You block the orc priest's attack.
The orc hits you but does no damage.
You hit the orc priest.
The orc priest hits you but does no damage.
The orc barely misses you.
The orc priest hits you but does no damage.
You hit the orc priest but do no damage.
You block the orc's attack.
The orc priest hits you with a +0 flail.
The orc closely misses you.
You hit the orc priest. The orc priest barely misses you.
The orc barely misses you.
You closely miss the orc priest. The orc priest closely misses you.
The orc hits you but does no damage.
The orc priest hits you with a +0 flail.
* * * LOW HITPOINT WARNING * * *
😨 HP[-4]
You take 4 damage, and now have 16/33 hp.
You barely miss the orc priest. The orc hits you but does no damage.
The orc priest hits you with a +0 flail.
* * * LOW HITPOINT WARNING * * *
The orc hits you but does no damage. 😨 HP[-3]
You take 3 damage, and now have 13/33 hp.
You hit the orc priest but do no damage.
The orc priest closely misses you. The orc hits you with a +0 falchion.
You hit the orc priest but do no damage.
The orc priest hits you with a +0 flail!
* * * LOW HITPOINT WARNING * * *
The orc misses you.
The orc priest hits you with a +0 flail. 😨 HP[-4]
You take 4 damage, and now have 9/33 hp.
You closely miss the orc priest. You block the orc's attack.
The orc priest mumbles some strange prayers to Beogh against you.
Pain shoots through your body!
You die...

Skill      XL: |  1  2  3 |
---------------+----------+-----
Armour         | 4 5 |  5.3
Fighting       | |  2.6
Long Blades    | |  2.0
Shields        | |  3.2

Action                   || total
-------------------------++-------
Melee: Long sword        ||   144
 Fire: Hunting sling     ||     5
  Use: Potion            ||     1
       Scroll            ||     7
Armor: Scale mail        ||    79
Dodge: Dodged            ||    70
Block: Buckler           ||    36

Levels and vault maps discovered:
D:1:      nzn_arrival_settlement, layout_rooms, minmay_tromino_mix6
D:2:      layout_loops_corners, serial_shops, nicolae_diamond_shop,
          hellmonk_ecumenical_altar_heavens_door
D:3:      layout_loops_corners, mainiacjoe_overflow_alcove_1

Notes
Turn   | Place    | Note
-------+----------+-------------------------------------------
     0 | D:1      | spaghetti the Deep Dwarf Fighter began the quest for the
                  | Orb.
     0 | D:1      | Reached XP level 1. HP: 20/20 MP: 1/1
     0 | D:1      | magus.rc [v1.9.6]
    13 | D:1      | You pick up a book of Power and begin reading...
    13 | D:1      | You add the spells Iskenderun's Battlesphere, Iron Shot and
                  | Spellforged Servitor to your library.
   223 | D:2      | Found Yficoth's General Store.
   235 | D:2      | Reached skill level 4 in Armour
   235 | D:2      | Reached XP level 2. HP: 27/27 MP: 2/2
   605 | D:2      | Reached XP level 3. HP: 33/33 MP: 3/3
   656 | D:2      | Found a faded altar of an unknown god.
   676 | D:2      | Identified the +1 robe "Zeblif" {SInv Archmagi}
   892 | D:2      | You pick up a book of Dangerous Friends and begin
                  | reading...
   892 | D:2      | You add the spells Summon Guardian Golem and Orb of
                  | Destruction to your library.
  1084 | D:3      | Reached skill level 5 in Armour
  1500 | D:3      | Found a bloodstained altar of Trog.
  1800 | D:3      | Killed from afar by an orc priest

Vanquished Creatures
  An adder (D:2)
  2 dart slugs
  3 orcs (D:3)
  3 bats
  5 endoplasms
  2 goblins (D:2)
  6 hobgoblins
  4 jackals (D:2)
  3 quokkas
  4 ball pythons
  3 frilled lizards
  2 kobolds
  4 rats
42 creatures vanquished.

Table legend:
 A = Non-vault XP
 B = Vault XP
 C = Vault XP percentage of total XP
 D = Non-vault monster count
 E = Vault monster count
 F = Vault count percentage of total count
                 A         B        C        D         E       F
            +---------+---------+-------+---------+---------+-------
      Total |      91 |       0 |   0.0 |      42 |       0 |   0.0
            +---------+---------+-------+---------+---------+-------
        D:1 |       9 |       0 |   0.0 |       7 |       0 |   0.0
        D:2 |      50 |       0 |   0.0 |      20 |       0 |   0.0
        D:3 |      32 |       0 |   0.0 |      15 |       0 |   0.0
            +---------+---------+-------+---------+---------+-------

Illustrated notes

Table legend:
 A = Kills in this place as a percentage of kills in entire the game.
 B = Kills by you in this place as a percentage of kills by you in the entire game.
 C = Kills by friends in this place as a percentage of kills by friends in the entire game.
 D = Other kills in this place as a percentage of other kills in the entire game.
 E = Experience gained in this place as a percentage of experience gained in the entire game.
 F = Experience gained in this place divided by the number of levels of this place that you have seen.
                   A       B       C       D       E      F
               +-------+-------+-------+-------+-------+----------------------
         Total | 100.0 | 100.0 |   N/A |   N/A | 100.0 |  30.3
       Dungeon | 100.0 | 100.0 |   N/A |   N/A | 100.0 |  30.3
               +-------+-------+-------+-------+-------+----------------------

Table legend: (Time is in decaauts)
 A = Elapsed time spent in this place.
 B = Non-inter-level travel time spent in this place.
 C = Inter-level travel time spent in this place.
 D = Time resting spent in this place.
 E = Time spent auto-exploring this place.
 F = Levels seen in this place.
 G = Mean time per level.
                   A        B        C        D        E       F      G
               +--------+--------+--------+--------+--------+-----+--------+
         Total |   1848 |   1804 |     44 |    100 |   1291 |   3 |  616.0 |
       Dungeon |   1848 |   1804 |     44 |    100 |   1291 |   3 |  616.0 |
               +--------+--------+--------+--------+--------+-----+--------+

Top non-repeatable levels by time:
     D:2: 989 daAuts
     D:3: 755 daAuts
     D:1: 103 daAuts
